 Dungeon Crawl Stone Soup version 0.29.0-10-g45618ea6d2 (webtiles) character file.

Game seed: 3083702845609515308

65 Tirrikindir the Shield-Bearer (level 4, -1/31 HPs)
             Began as an Octopode Fighter on Sept 1, 2022.
             Was a Believer of Nemelex Xobeh.
             Slain by a goblin
             ... wielding a +0 club
             ... led by Robin
              (3 damage)
             ... on level 3 of the Dungeon.
             The game lasted 00:05:42 (2168 turns).

Tirrikindir the Shield-Bearer (Octopode Fighter)    Turns: 2168, Time: 00:05:43

Health: -1/31      AC:  1    Str: 15    XL:     4   Next: 14%
Magic:  4/4        EV: 13    Int: 10    God:    Nemelex Xobeh [**....]
Gold:   146        SH:  5    Dex: 13    Spells: 3/3 levels left

rFire   . . .      SeeInvis .   a - +0 long sword
rCold   . . .      Faith    .   b - +1 buckler
rNeg    . . .      Spirit   .   (helmet restricted)
rPois   .          Reflect  .   (no amulet)
rElec   .          Harm     .   (no ring)
rCorr   .          Rampage  .   (no ring)
Will    .....                   (no ring)
Stlth   +++.......              (no ring)
HPRegen 0.10/turn               (no ring)
MPRegen 0.09/turn               (no ring)
                                (no ring)
                                (no ring)

@: no status effects
A: almost no armour, amphibious, 8 rings, camouflage 1, gelatinous body 1,
(nimble swimmer 1), tentacles
a: Renounce Religion, Draw Escape, Draw Destruction, Draw Summoning


You were on level 3 of the Dungeon.
You worshipped Nemelex Xobeh.
Nemelex Xobeh was pleased with you.
You visited 1 branch of the dungeon, and saw 3 of its levels.

You collected 146 gold pieces.

Inventory:

Hand Weapons
 a - a +0 long sword (weapon)
Armour
 b - a +1 buckler (worn)
Scrolls
 e - 2 scrolls of enchant armour
 j - a scroll of brand weapon {unknown}
 k - a scroll of fear
 m - a scroll of teleportation {unknown}
Potions
 c - a potion of might
 d - a potion of attraction {unknown}
 f - a potion of haste
 g - 2 potions of flight
 h - a potion of resistance
 i - a potion of cancellation {unknown}
 l - a potion of mutation {unknown}


   Skills:
 + Level 3.2 Fighting
 * Level 3.0 Long Blades
 + Level 3.2 Dodging
 + Level 1.5 Stealth
 + Level 3.3 Shields
 + Level 1.0 Invocations


You had 3 spell levels left.
You didn't know any spells.
Your spell library was empty.

Dungeon Overview and Level Annotations

Branches:
Dungeon (3/15)

Altars:
Nemelex Xobeh


Innate Abilities, Weirdness & Mutations

You cannot wear most types of armour.
You are amphibious.
You can wear up to eight rings at the same time.
Your skin changes colour to match your surroundings (Stealth+).
Your rubbery body absorbs attacks. (AC +1, EV +1)
((You are camouflaged when in or above water. (Stealth+)))
You have tentacles for arms and can constrict up to eight enemies at once.


Message History

You constrict the hobgoblin, but do no damage.
The hobgoblin hits you.
You hit the hobgoblin.
You kill the hobgoblin!
Robin's bangles clink loudly.
Robin throws the goblin at you!
The goblin unwields a +0 sling.
The goblin wields a +0 club.
The goblin misses you.
Your Long Blades skill increases to level 3!
You closely miss the goblin. Your grab misses the goblin.
Robin roars a battlecry!
The goblins go into a battle-frenzy!
You block the goblin's attack.
You hit Robin. Your grab misses Robin.
Robin is moderately wounded.
Robin says, "Duck!"
The goblin misses you.
You hit Robin. Your grab misses Robin.
Robin is heavily wounded.
Robin hits you with a +0 club. The goblin closely misses you.
You barely miss Robin. You grab Robin. You squeeze Robin!
Robin is almost dead.
You constrict Robin.
You kill Robin!
The goblin unwields a +0 club.
The goblin wields a +2 sling of freezing.
It is covered in frost.
The goblin shoots a sling bullet.
The sling bullet hits you.
* * * LOW HITPOINT WARNING * * *
The sling bullet freezes you.
* * * LOW HITPOINT WARNING * * *
The goblin misses you. The goblin hits you with a +0 dagger.
* * * LOW HITPOINT WARNING * * *
You block the goblin's attack.
Your Invocations skill increases to level 1!
You have reached level 4!
Okay, then.
You draw a card...
You have drawn the Cloud.
Clouds appear around you! You block the goblin's attack.
The goblin hits you with a +0 club.
You die...
Your body disappears without a glow.

#... #.......#
#
#..###.(.....#
g#>.##........#
.#..##......#.#
g............#
#..##.†...#
#.g##.g<..#
#..####g#####
#..# ##gg@g§#
#..###.§###§.#
#...#..## ....
#.....## ....
#....## ..#
#...## .. #..##
. #..# #..#


You could see 4 goblins.

Vanquished Creatures
  Robin (D:3)
  2 adders
  4 ball pythons
  An endoplasm (D:1)
  3 giant cockroaches
  6 goblins
  5 hobgoblins
  2 kobolds (D:1)
  2 quokkas
  3 bats
  2 frilled lizards (D:2)
  3 rats
34 creatures vanquished.

Notes
Turn   | Place    | Note
-------+----------+-------------------------------------------
     0 | D:1      | Tirrikindir the Octopode Fighter began the quest for the
                  | Orb.
     0 | D:1      | Reached XP level 1. HP: 16/16 MP: 1/1
   194 | D:1      | Found a faded altar of an unknown god.
   196 | D:1      | Prayed at the altar of an unknown god.
   196 | D:1      | Became a worshipper of Nemelex Xobeh the Trickster
   196 | D:1      | Reached * piety under Nemelex Xobeh
   196 | D:1      | Received a gift from Nemelex Xobeh
   273 | D:1      | Reached XP level 2. HP: 19/21 MP: 2/2
   754 | D:1      | Reached skill level 1 in Stealth
   865 | D:1      | Reached XP level 3. HP: 17/26 MP: 3/3
  1435 | D:2      | Received a gift from Nemelex Xobeh
  2120 | D:3      | Received a gift from Nemelex Xobeh
  2120 | D:3      | Reached ** piety under Nemelex Xobeh
  2135 | D:3      | Noticed Robin
  2167 | D:3      | Killed Robin
  2167 | D:3      | HP: 1/26 [goblin/+0 dagger[Robin] (1)]
  2168 | D:3      | Reached skill level 1 in Invocations
  2168 | D:3      | Reached XP level 4. HP: 2/31 MP: 4/4
  2168 | D:3      | Slain by a goblin

Illustrated notes

Levels and vault maps discovered:
D:1:      dpeg_arrival_rooms_b, layout_basic, chequers_ecumenical_altar_twisty
D:2:      layout_loops_ring
D:3:      layout_loops_ring, mainiacjoe_overflow_boulevard,
          nemelex_spade_bored_becter, chequers_serial_rivers_micro_c, uniq_robin

Skill      XL: |  1  2  3 |
---------------+----------+-----
Stealth        | 1 |  1.5
Long Blades    | 3 |  3.0
Invocations    | 1 |  1.0
Fighting       | |  3.2
Dodging        | |  3.2
Shields        | |  3.3

Action                   |  1- 3 |  4- 6 || total
-------------------------+-------+-------++-------
Melee: Long sword        |    68 |       ||    68
       Constrict         |    21 |       ||    21
       Tentacles         |     9 |       ||     9
       Punch             |     1 |       ||     1
Invok: Draw Escape       |       |     1 ||     1
  Use: Scroll            |     5 |       ||     5
       Potion            |     2 |       ||     2
 Stab: Sleeping          |     6 |       ||     6
Armor: Skin              |     5 |       ||     5
Dodge: Dodged            |    41 |       ||    41
Block: Buckler           |    18 |     1 ||    19
